[Event "*** Titled Tuesday Blitz"]
[Site "Chess.com"]
[Date "2020.05.05"]
[Round "9"]
[White "Munkhzul_Turmunkh"]
[Black "cukin84"]
[Result "1-0"]
[WhiteElo "2485"]
[BlackElo "2081"]
[TimeControl "180+1"]
[EndTime "11:49:48 PDT"]
[Termination "Munkhzul_Turmunkh won on time"]

1. e4 c6 2. d4 d5 3. e5 c5 4.
c3 Nc6 5. Nf3 Bg4 6. Be2 e6 7.
O-O Bxf3 8. Bxf3 cxd4 9. cxd4 Qb6 10. Be3 Qxb2 11. Nd2 Bb4 12. Rb1 Qa3 13. Nb3 Nge7 14. Qc2 O-O 15. Rfc1 Nf5 16. Be2 Rac8 17. Bd3 Nce7 18.
Qe2 Nxe3 19. fxe3 Ng6 20. g3 Qa4 21. h4 Ba3 22. Bb5 Qb4 23. Nc5 Qa5 24. Nb3 Qb6 25. Rf1 a6 26. Bd3 Qd8 27. h5 Ne7 28. h6 g6 29. g4 Nc6 30. Nd2 Qh4 31. Rxb7 Nb4 32. Bb1 Qxh6 33. Nf3 Rc1 34. Rxc1 Bxc1 35. Rxb4 Bxe3+ 36.
Kg2 Bf4 37. g5 Qh5 38. Rb7 Qg4+ 39. Kf1 Qh3+ 40. Qg2 Qh5 41. Bd3 Rc8 42. Rb1 h6 43.
Bxa6 Rd8 44. Be2 hxg5 45. Ng1 Qh4 46. Nh3 Rc8 47. Nxf4 Qxf4+ 48. Qf2 Rc1+ 49. Rxc1 Qxc1+ 50. Qe1 Qf4+ 51. Qf2 Qc1+ 52. Kg2 Qc2 53. Bf3 Qf5 54. a4 g4 55. Be2 Qe4+ 56. Kg3 Kg7 57. a5 g5 58. a6 Qc2 59. Bxg4 Qb3+ 60. Qf3 Qa2 61. Bh5 f5 62. exf6+ Kf8 63. f7 Qxa6 64. Bg4 Qd6+ 65. Kh3 e5 66. dxe5 Qh6+ 67. Kg2 Qg7 68. e6 Qe5 69. Qg3 Qe3 70. Qxe3 1-0

[Event "*** Titled Tuesday Blitz"]
[Site "Chess.com"]
[Date "2020.05.05"]
[Round "9"]
[White "dennisodessa"]
[Black "Fh2411"]
[Result "1/2-1/2"]
[WhiteElo "2312"]
[BlackElo "2453"]
[TimeControl "180+1"]
[EndTime "11:49:50 PDT"]
[Termination "Game drawn by repetition"]

1. d4 d5 2. c4 c6 3. Nf3 Nf6 4. Nbd2 Bg4 5. Ne5 Bf5 6. cxd5 cxd5 7. e4 dxe4 8. Qb3 Be6 9. Qxb7 Nbd7 10. Nxe4 Nxe4 11.
Qxe4 Nxe5 12. Qxe5 a6 13. Be2 Bd5 14. O-O e6 15. Bf4 f6 16. Qe3 Bd6 17. Bf3 Bxf4 18.
Qxf4 O-O 19. Rad1 Ra7 20. b3 a5 21. Rfe1 Qd7 22. Bxd5 exd5 23. Rc1 Rd8 24. h3 Qd6 25.
Qxd6 Rxd6 26. Rc5 Kf7 27. Rec1 Rdd7 28. f3 Ke6 29. Kf2 h5 30. h4 Kf5 31. g3 Ke6 32.
Rc6+ Kf7 33. R6c5 Kg6 34. Rb5 a4 35. b4 a3 36. Rcc5 Ra4 37. Ke3 Re7+ 38. Kd2 Rd7 39.
Kc3 Re7 40. Kd2 Rd7 41. Rb6 Re7 42. Rxd5 Rc7 43. Rc5 Rd7 44. d5 Ra8 45. d6 Rad8 46. Rd5 Rc8 47. Rd3 Rc4 48. Rb8 Kf5 49. Ra8 g5 50.
Raxa3 gxh4 51. gxh4 Rxh4 52. Rac3 Rh2+ 53. Ke3 Rxa2 54.
Rc7 Ke6 55. Rxd7 Kxd7 56. Kf4 Rb2 57. Rd4 h4 58. Kg4 Rf2 59. f4 Rh2 60. b5 Rb2 61. Rd5 Rb4 62. Kf3 h3 63. Kg3 Rb3+ 64. Kh4 h2 65.
Rd1 Rxb5 66. Kg3 Rb6 67. Kxh2 Rxd6 68. Re1 Rd3 69. Kg2 Kd6 70. Kf2 Kd5 71. Re3 Rxe3 72.
Kxe3 f5 73. Kd3 Kc5 74. Kc3 Kd5 75. Kd3 Kc5 76. Kc3 Kd5 77. Kd3 1/2-1/2

[Event "*** Titled Tuesday Blitz"]
[Site "Chess.com"]
[Date "2020.05.05"]
[Round "9"]
[White "mariofs"]
[Black "Azoulas1"]
[Result "1-0"]
[WhiteElo "2165"]
[BlackElo "1910"]
[TimeControl "180+1"]
[EndTime "11:49:51 PDT"]
[Termination "mariofs won on time"]

1. d4 Nf6 2. c4 e6 3. g3 c5 4. Nf3 cxd4 5. Nxd4 Nc6 6. Bg2 Be7 7. O-O a6 8. Nc3 Qc7 9. b3 O-O 10. e4 b6 11. Bb2 Bb7 12. Nc2 d6 13. Qd2 Rad8 14.
Rad1 Qb8 15. Ne3 Rd7 16. Qe2 Re8 17. Rd2 Bf8 18. Rfd1 Red8 19. Ba3 Qc7 20. h4 Be7 21. Rc1 Ne5 22. Rcd1 Qb8 23. f4 Nc6 24. f5 e5 25.
Nc2 Qa8 26. g4 Ne8 27. g5 f6 28. Qg4 Qa7 29. Nd5 b5+ 30. Kh1 bxc4 31. bxc4 Na5 32. Nxe7+ Rxe7 33. c5 Nc4 34. cxd6 Red7 35. Rd3 Qf2 36. Nb4 Nxa3 37. Rxa3 Rxd6 38. Nd5 Bxd5 39. exd5 Qc5 40. Rg3 Qc7 41. Be4 Kh8 42. h5 fxg5 43. Qxg5 Rh6 44. Kg2 Nf6 45. Kf3 Rxh5 46. Qxg7+ Qxg7 47. Rxg7 Kxg7 48. Rg1+ Kf7 49. Rg3 Rg8 50. Rxg8 Nxg8 51.
d6 Ke8 52. Bd5 Nf6 53. Be6 Kd8 54. Ke3 e4 55. Kf4 Rh3 56. Ke5 Nd7+ 57. Kd5 Rd3+ 58.
Kc6 Rc3+ 59. Kd5 Nf6+ 60. Ke5 Nd7+ 61. Kxe4 h5 62. Kf4 h4 63. Kg4 h3 64. Bd5 h2 65.
Kg5 Ne5 66. f6 Kd7 67. Kf5 Nf7 68. Be6+ Kxd6 69. Bxf7 h1=Q 70. Bh5 Qxh5+ 71. Kf4 1-0

[Event "*** Titled Tuesday Blitz"]
[Site "Chess.com"]
[Date "2020.05.05"]
[Round "9"]
[White "rakshi2005"]
[Black "vanyakuba"]
[Result "1/2-1/2"]
[WhiteElo "2303"]
[BlackElo "2432"]
[TimeControl "180+1"]
[EndTime "11:49:57 PDT"]
[Termination "Game drawn by repetition"]

1. e4 d5 2. exd5 Qxd5 3. Nc3 Qa5 4. d4 Nf6 5. Nf3 Bg4 6. Be2 Nc6 7. h3 Bh5 8. Bd2 O-O-O 9. Ne4 Qb6 10. Nxf6 gxf6 11.
c3 e5 12. dxe5 fxe5 13. Qb3 Qxb3 14. axb3 f6 15. b4 a6 16. b5 axb5 17. Bxb5 Bc5 18. g4 Bg6 19. b4 Bb6 20. Ke2 Be4 21. Rhd1 Kb8 22. Nh4 h5 23. f3 hxg4 24. fxe4 Rxh4 25. hxg4 Rh2+ 26. Kf3 Rhxd2 27. Rxd2 Rxd2 28. Rh1 Rf2+ 29. Kg3 Rf4 30. Bd3 Ne7 31. c4 c5 32. b5 Ba5 33.
Rh8+ Kc7 34. Rh7 Kd6 35. Rh8 Be1+ 36. Kh3 Rf3+ 37. Kg2 Rg3+ 38. Kf1 Bc3 39. Ke2 Rxg4 40. Rd8+ Kc7 41. Re8 Kd7 42. Rb8 Kc7 43. Re8 Nc8 44. Rf8 Rf4 45. Rf7+ Kb8 46. Rf8 Bd4 47. b6 Rf2+ 48.
Kd1 Rb2 49. Be2 Rxb6 50. Bg4 Rc6 51. Kc2 b6 52. Kd3 Rc7 53. Kc2 Kb7 54. Be6 Nd6 55.
Bd5+ Ka6 56. Ra8+ Ra7 57. Rd8 Nb7 58. Rf8 Ka5 59. Rf7 Ka6 60. Rxf6 Na5 61. Rf8 Rc7 62.
Ra8+ Ra7 63. Rf8 Nb7 64. Rf7 Nd6 65. Rf1 b5 66. Ra1+ Kb6 67. Rb1 b4 68. Rf1 Ra2+ 69. Kb1 Rb2+ 70. Kc1 b3 71. Rf6 Rc2+ 72. Kd1 Kc7 73.
Rh6 Rc3 74. Rh7+ Kb6 75. Rh6 Rd3+ 76. Ke2 Re3+ 77. Kd2 Kc7 78. Rh7+ Kd8 79. Rh8+ Ke7 80. Rh7+ Ke8 81. Rh8+ Ke7 82. Rh7+ Kf6 83. Rh6+ Ke7 84.
Rh7+ 1/2-1/2

[Event "*** Titled Tuesday Blitz"]
[Site "Chess.com"]
[Date "2020.05.05"]
[Round "9"]
[White "FedaMaster"]
[Black "ozates"]
[Result "1-0"]
[WhiteElo "2525"]
[BlackElo "2387"]
[TimeControl "180+1"]
[EndTime "11:50:02 PDT"]
[Termination "FedaMaster won by checkmate"]

1. e4 c5 2. Nf3 Nc6 3. d4 cxd4 4. Nxd4 e5 5. Nb5 d6 6. c4 Be7 7. N1c3 a6 8. Na3 f5 9. exf5 Bxf5 10. Bd3 Be6 11.
O-O Nf6 12. Nc2 O-O 13. b3 Qd7 14. Ne3 Rae8 15. Bb2 Bd8 16. Ne4 Kh8 17. Bc2 Be7 18. Ng5 Bg8 19. Bf5 Qd8 20. Ne6 Bxe6 21. Bxe6 Nd7 22.
Bg4 Nc5 23. Bh5 g6 24. Bf3 Bf6 25. Bd5 Nd4 26. Nc2 Nce6 27. Bxe6 Nxe6 28. Qd5 Nf4 29. Qxb7 Bg7 30. Rad1 Qg5 31. Ne3 Nh3+ 32. Kh1 Nxf2+ 33. Rxf2 Rxf2 34. Qc6 Ref8 35. Bc1 Qf4 36. Rg1 Qd4 37. Qd5 Qxd5 38. Nxd5 Rf1 39. Ba3 Rxg1+ 40. Kxg1 e4 41. g4 Bd4+ 42. Kg2 Be5 43. Ne3 Bd4 44. Nc2 Be5 45.
Bc1 Kg7 46. Be3 h6 47. Nb4 Bf4 48. Bd4+ Be5 49. Be3 g5 50. Nd5 Kg6 51. a4 h5 52.
h3 hxg4 53. hxg4 Rf3 54. b4 Rg3+ 55. Kf2 Rxg4 56. b5 axb5 57. cxb5 Rh4 58. a5 Rh2+ 59.
Kf1 Rb2 60. a6 Rxb5 61. a7 Ra5 62. Bb6 Ra1+ 63. Ke2 Ra2+ 64. Ke3 Kf5 65. Ne7+ Ke6 66. Nc6 d5 67. Na5 Ra3+ 68. Kd2 Bc3+ 69. Kc2 Bxa5 70. a8=Q Bb4 71. Qc8+ Ke5 72. Qh8+ Kf4 73. Qf6+ Kg4 74. Qe6+ Kf4 75. Bc7+ Ke3 76. Qb6+ Kf3 77. Qxb4 Rd3 78. Qf8+ Ke2 79. Bb6 e3 80. Qe7 d4 81. Qe4 Rd2+ 82.
Kc1 d3 83. Qxe3+ Kf1 84. Kxd2 g4 85. Qf2# 1-0

[Event "*** Titled Tuesday Blitz"]
[Site "Chess.com"]
[Date "2020.05.05"]
[Round "9"]
[White "Spring199"]
[Black "barbara25"]
[Result "0-1"]
[WhiteElo "2342"]
[BlackElo "2233"]
[TimeControl "180+1"]
[EndTime "11:50:04 PDT"]
[Termination "barbara25 won by resignation"]

1. d4 Nf6 2. c4 e6 3. Nf3 b6 4. g3 Bb7 5. Bg2 d5 6. O-O Be7 7. Ne5 O-O 8. Qa4 Qe8 9. Qc2 c5 10. dxc5 bxc5 11. Nc3 Nbd7 12. Bf4 Nxe5 13. Bxe5 Qd7 14.
Rfd1 d4 15. Bxb7 Qxb7 16. Na4 Rfc8 17. e3 Ng4 18. exd4 f6 19. Bf4 cxd4 20. Qe2 Ne5 21.
Bxe5 fxe5 22. Qxe5 Bf6 23. Qxe6+ Kh8 24. Qd5 Qb4 25.
b3 Rd8 26. Qc5 Qb7 27. Rd3 Rac8 28. Qf5 Re8 29. Rad1 Rc7 30. h4 Rce7 31. Qd5 Qc8 32. Kg2 Re2 33. R3d2 R2e4 34. Nc5 R4e5 35. Qxd4 Rxc5 36.
Qd3 Rc7 37. Kh2 Rce7 38. Qf3 h6 39. Rd5 Re2 40. g4 Qc7+ 41. Kg2 R2e5 42. g5 hxg5 43. Rxe5 Qxe5 44. Qh5+ Kg8 45. Qf3 gxh4 46. Rd5 Qe4 47.
Qxe4 Rxe4 48. c5 Re5 49. Rxe5 Kf7 50. b4 Bxe5 51. b5 Ke6 52. a4 Kd5 53. c6 Kc5 54. Kh3 Kb6 55. Kxh4 Bc7 56. Kg5 Ka5 57. Kg6 Kxa4 58.
Kxg7 Kxb5 59. f4 Kxc6 60. f5 Be5+ 61. Kf7 a5 62. Ke6 Bc3 63. f6 Bxf6 64. Kxf6 a4 65. Ke5 a3 66. Kd4 a2 67. Kc3 a1=Q+ 68. Kb3 Qa5 69.
Kc4 Qb5+ 70. Kd4 Qc5+ 71. Ke4 Kd6 72. Kf4 Qd5 73. Kg4 Qe5 74. Kf3 Kd5 75. Kg4 Qf6 76.
Kg3 Ke4 77. Kg4 Qg6+ 78. Kh4 0-1

[Event "*** Titled Tuesday Blitz"]
[Site "Chess.com"]
[Date "2020.05.05"]
[Round "9"]
[White "thedjoker98"]
[Black "mirceaparligras"]
[Result "1/2-1/2"]
[WhiteElo "2500"]
[BlackElo "2625"]
[TimeControl "180+1"]
[EndTime "11:50:05 PDT"]
[Termination "Game drawn by repetition"]

1. d4 d6 2. c4 g6 3. e4 Bg7 4. Nc3 Nc6 5. Nge2 e5 6. Be3 exd4 7. Nxd4 Nge7 8. Be2 O-O 9. O-O f5 10. Qd2 Bxd4 11.
Bxd4 f4 12. Nd5 Nxd4 13. Qxd4 Nc6 14. Qc3 Ne5 15. f3 c6 16. Nb4 Qb6+ 17. Kh1 g5 18.
Nd3 Qe3 19. Rfe1 Nxd3 20. Qxd3 Qxd3 21. Bxd3 Be6 22. Rad1 Rad8 23. b3 h6 24. Bc2 Kf7 25. Rd2 Kf6 26. Red1 Ke5 27. Kg1 Rd7 28. Kf2 Rfd8 29.
Rd4 a5 30. a3 a4 31. g3 axb3 32. Bxb3 b5 33. R1d3 c5 34. Rd5+ Bxd5 35. Rxd5+ Kf6 36.
cxb5 Rc8 37. Bc4 Ra8 38. gxf4 gxf4 39. Rd3 Ke7 40. Bd5 Ra5 41. b6 Rb5 42. b7 Rbxb7 43. Bxb7 Rxb7 44. a4 Rb2+ 45. Kg1 Ra2 46. e5 dxe5 47.
Rd5 Kf6 48. Rxc5 Rxa4 49. Rc6+ Kg5 50. Re6 Ra5 51. Kg2 h5 52. Re8 Kf5 53. Rh8 Kg6 54.
Re8 Kf6 55. Rh8 Ra2+ 56. Kg1 Ra3 57. Kg2 Ra2+ 58. Kg1 Kg6 59. Re8 Kf5 60. Rh8 Ke6 61. Rxh5 Kd5 62. Rh8 Kd4 63. Re8 Ra5 64. Kg2 Ke3 65.
h4 Ra2+ 66. Kh3 Kxf3 67. Rxe5 Ra1 68. Kh2 Kf2 69. h5 f3 70. Rf5 Ra4 71. Kh3 Ra6 72. Kh4 Kg2 73. Kg5 f2 74. h6 Ra5 75. Rxa5 f1=Q 76. Rf5 Qc1+ 77. Kg6 Qc6+ 78. Rf6 Qe4+ 79. Kg7 Qe7+ 80. Kg6 Qe4+ 81. Kg7 Qe7+ 82. Kg6 Qe8+ 83. Kg7 Qd7+ 84. Kg6 Qd3+ 85. Kg7 Qd7+ 86. Kg6 Qg4+ 87.
Kf7 Qh5+ 88. Kg7 Kh1 89. h7 Qg5+ 90. Kf7 Qh5+ 91. Kg7 Qg5+ 92. Kf7 Qh5+ 93. Kg7 1/2-1/2

[Event "*** Titled Tuesday Blitz"]
[Site "Chess.com"]
[Date "2020.05.05"]
[Round "9"]
[White "Kislov_Oleg"]
[Black "Rytenko_V"]
[Result "1-0"]
[WhiteElo "2346"]
[BlackElo "2470"]
[TimeControl "180+1"]
[EndTime "11:50:07 PDT"]
[Termination "Kislov_Oleg won by resignation"]

1. e4 c5 2. Nf3 d6 3. c3 Nf6 4. Be2 Nc6 5. d4 cxd4 6. cxd4 d5 7. e5 Ne4 8. O-O Bg4 9. h3 Bh5 10. Nc3 e6 11. Be3 Be7 12. Qb3 Qd7 13. Rac1 O-O 14. Na4 Rac8 15. Bb5 f6 16. exf6 Bxf6 17. Ne5 Bxe5 18.
dxe5 d4 19. Qd3 Bg6 20. Bxc6 Rxc6 21. Qxd4 Qxd4 22. Bxd4 Ra6 23. Nc5 Nxc5 24. Bxc5 Rd8 25. a3 Rd5 26. Bd6 Rc6 27. Rxc6 bxc6 28. Rc1 Be8 29.
Rc4 Kf7 30. Ra4 a5 31. Bc7 Rb5 32. Rxa5 Rb7 33. Bd6 Rxb2 34. Ra7+ Kg6 35. Re7 Bf7 36. h4 h5 37. Rc7 Rc2 38. a4 Ra2 39. Ra7 Be8 40. Bf8 c5 41. Rxg7+ Kf5 42. Rg5+ Ke4 43. Bxc5 Rxa4 44. Bd6 Kd5 45. f3 Rxh4 46. Kf2 Ra4 47. Rg8 Bb5 48. Kg3 Ra2 49. Rg5 Bf1 50. Kh3 h4 51. Kxh4 Bxg2 52. Kg3 Bf1 53. Rg4 Be2 54. Rb4 Kc6 55. Rf4 Kd7 56. Kg4 Bb5 57. Rf7+ Kc6 58. f4 Kd5 59. Kg5 Rg2+ 60. Kf6 Bd3 61. Ra7 Rg6+ 62. Kf7 Rg4 63. Ra5+ Ke4 64. Ra4+ Kf5 65.
Rd4 Bc2 66. Be7 Be4 67. Bg5 Bd5 68. Rd1 Rg2 69. Rh1 Rxg5 70. fxg5 Kxg5 71. Rg1+ Kf5 72.
Re1 Bc4 73. Ke7 Bd5 74. Kd6 Bc4 75. Rd1 Ke4 76. Re1+ Kf5 77. Rh1 Bd5 78. Rh6 Bc4 79.
Rf6+ Kg5 80. Rxe6 Kf5 81. Rf6+ 1-0

[Event "*** Titled Tuesday Blitz"]
[Site "Chess.com"]
[Date "2020.05.05"]
[Round "9"]
[White "vinniethepooh"]
[Black "Megagigahiper3345"]
[Result "1-0"]
[WhiteElo "2682"]
[BlackElo "2545"]
[TimeControl "180+1"]
[EndTime "11:50:08 PDT"]
[Termination "vinniethepooh won by checkmate"]

1. d4 Nf6 2. c4 c5 3. d5 e5 4. Nc3 d6 5. e4 Nbd7 6. Bd3 Be7 7. Nge2 h5 8. h3 Nf8 9. Be3 Ng6 10. Qd2 h4 11. O-O-O a6 12. g4 Nh7 13. f4 exf4 14.
Nxf4 Ne5 15. Nh5 Kf8 16. Rdf1 Bg5 17. Kc2 Bxe3 18. Qxe3 Qg5 19. Qf2 Bd7 20. Be2 Ke7 21. Nf4 b5 22. Nd3 f6 23. Nxe5 Qxe5 24. Qf4 Qxf4 25.
Rxf4 b4 26. Nd1 a5 27. Ne3 Ng5 28.
Bf1 a4 29. Kd2 Nf7 30. Be2 a3 31. b3 Rae8 32. Nc2 Kd8 33. Ne1 Ng5 34. Bd3 Re7 35. Nf3 Nf7 36. Re1 Ne5 37. Nxe5 Rxe5 38. Ref1 Ke7 39.
Ke3 Kf7 40. R4f2 Kg6 41. Rf4 Kh6 42. R4f2 Rhe8 43. Rf4 R8e7 44. R4f2 Be8 45. Rf4 Bg6 46. R1f2 Kg5 47. Rf1 Re8 48. R1f2 Bh7 49. Rf1 Kh6 50.
R1f2 Rg5 51. Rf1 Ree5 52. R1f2 Bg6 53. Rf1 Kh7 54. R1f2 Kg8 55. Rf1 Kf8 56. R1f2 Ke7 57. Rf1 Kd7 58. R1f2 Kc7 59. Rf1 Rxd5 60. cxd5 Re5 61.
Rf5 Bxf5 62. Rxf5 Kb6 63. Bc4 Kc7 64. Kf4 g5+ 65. Kf3 Rxf5+ 66. gxf5 Kd7 67. Kg4 Ke7 68. Kh5 Kf7 69. e5 dxe5 70. d6+ Ke8 71. Bb5+ Kd8 72. Kg4 Kc8 73. Kf3 Kb7 74. Ke4 Kc8 75. Kd5 g4 76.
hxg4 h3 77. Bf1 h2 78. Bg2 Kd7 79. Kxc5 e4 80. Bxe4 Kd8 81. Kc6 Kc8 82. d7+ Kd8 83. Bh1 Ke7 84. Kc7 Kf7 85. d8=Q Kg7 86. Qe7+ Kh6 87. Qxf6+ Kh7 88. Qg5 Kh8 89. Bd5 Kh7 90.
Qg8+ Kh6 91. Qg6# 1-0

[Event "*** Titled Tuesday Blitz"]
[Site "Chess.com"]
[Date "2020.05.05"]
[Round "9"]
[White "wanyaland"]
[Black "sergeikim"]
[Result "1/2-1/2"]
[WhiteElo "2334"]
[BlackElo "2470"]
[TimeControl "180+1"]
[EndTime "11:50:11 PDT"]
[Termination "Game drawn by repetition"]

1. d4 Nf6 2. c4 g6 3. Nf3 Bg7 4. g3 d6 5. Bg2 O-O 6. O-O Nbd7 7.
Nc3 e5 8. e4 exd4 9. Nxd4 Re8 10. Re1 Nc5 11. b3 c6 12. h3 a5 13. Bb2 Qb6 14.
Rb1 Nfd7 15. Ba1 Ne5 16. Re3 Qb4 17. f4 Ned7 18. Nc2 Qb6 19. Qxd6 Nf6 20. e5 Rd8 21. Qxd8+ Qxd8 22. exf6 Bxf6 23. Rd1 Qf8 24. Ne4 Nxe4 25.
Rxe4 Bxa1 26. Rxa1 Bf5 27. Re2 Rd8 28. Ne3 Qc5 29. Kh1 Rd3 30. Rae1 a4 31. bxa4 h5 32. g4 hxg4 33. hxg4 Be6 34. f5 gxf5 35. gxf5 Bd7 36.
Be4 Rd4 37. Bb1 Rh4+ 38. Kg2 Qe5 39. Rh1 Rxh1 40. Kxh1 Qf4 41. Kg2 c5 42. Nd5 Bc6 43. Be4 Bxd5 44. Bxd5 b6 45. f6 Qxf6 46. Rf2 Qg5+ 47.
Kf1 Qc1+ 48. Kg2 Qg5+ 49. Kf1 Qc1+ 50. Kg2 Qa3 51. Bxf7+ Kg7 52. Bd5 Qxa4 53. Rf7+ Kg6 54. Rf2 Qa3 55. Re2 Kg5 56. Kf2 Kf4 57. Re4+ Kf5 58.
Re2 Qc3 59. Kf1 Kf4 60. Kf2 Qd4+ 61. Kf1 Kg3 62. Rg2+ Kf4 63. Re2 Qd3 64. Kf2 Qg3+ 65. Kf1 Qh3+ 66. Kf2 Qh2+ 67. Kf1 Qg3 68. Rf2+ Ke5 69.
Re2+ Kd4 70. Rg2 Qf4+ 71. Kg1 Qc1+ 72. Kh2 Qh6+ 73. Kg1 Qe3+ 74. Kh2 Qh6+ 75. Kg1 Qe3+ 76. Kh2 Qh6+ 1/2-1/2

[Event "*** Titled Tuesday Blitz"]
[Site "Chess.com"]
[Date "2020.05.05"]
[Round "9"]
[White "Oglob71"]
[Black "oskariot"]
[Result "1/2-1/2"]
[WhiteElo "2479"]
[BlackElo "2605"]
[TimeControl "180+1"]
[EndTime "11:50:22 PDT"]
[Termination "Game drawn by 50-move rule"]

1. d4 Nf6 2. Nf3 g6 3. c4 c5 4.
d5 b5 5. a4 b4 6. Qc2 Bg7 7.
e4 d6 8. h3 O-O 9. Bd3 b3 10.
Qxb3 Na6 11. O-O Rb8 12. Qd1 Nb4 13. Nc3 e6 14. Bf4 exd5 15. cxd5 Nxd3 16. Qxd3 Rxb2 17. Rab1 Rxb1 18. Rxb1 Re8 19. Nd2 Nh5 20. Be3 f5 21. Rb8 f4 22. Bxc5 dxc5 23. Nb5 Qd7 24. d6 Nf6 25. Nc7 Rd8 26. e5 Ne8 27. Qc4+ Qf7 28.
Qxf7+ Kxf7 29. Nc4 Nxc7 30. dxc7 Rd1+ 31. Kh2 Be6 32.
Nd6+ Ke7 33. c8=Q Bxc8 34. Rxc8 Bxe5 35. Nc4 Bd4 36. h4 Bxf2 37. Kh3 h5 38. g4 fxg3 39. Kg2 Rg1+ 40. Kf3 Bd4 41. Rc6 Kf7 42. Nd6+ Ke6 43. Ne4+ Kd5 44. Rxg6 Rf1+ 45. Ke2 Rf4 46. Nxg3 Rxh4 47.
Rg5+ Kc4 48. Nxh5 Rh2+ 49. Kf3 Kb4 50. Nf4 Rf2+ 51. Ke4 Kxa4 52. Ne6 Rd2 53. Nxc5+ Bxc5 54. Rxc5 a5 55. Ke3 Rd8 56. Rc7 Kb4 57. Rb7+ Ka3 58.
Ke2 a4 59. Ke1 Ka2 60. Rb6 a3 61. Rb7 Ka1 62. Rb6 a2 63. Rb7 Rd4 64. Rb8 Rd5 65.
Rb7 Rd6 66. Rb8 Rd7 67. Rb6 Rd4 68. Rb7 Rd3 69. Rb8 Rd5 70. Rb6 Rh5 71. Kd1 Rh1+ 72. Kc2 Rb1 73. Rc6 Rb2+ 74. Kc1 Rg2 75. Rc7 Rg5 76. Rc8 Rg4 77. Rc7 Rg3 78. Rc8 Rg2 79. Rc7 Rg8 80. Rc6 Rg7 81. Rc5 Rg6 82. Rc4 Rg5 83. Rc7 Rg1+ 84. Kc2 Rb1 85. Rc8 Rb6 86.
Rc7 Ra6 87. Rc8 Ra7 88. Rc6 Ra4 89. Rc5 Ra6 90. Rc7 Re6 91. Rc8 Re2+ 92. Kc1 Rh2 93.
Rc7 Rh1+ 94. Kc2 Rg1 95. Rc8 Rg2+ 96. Kc1 Rg7 97. Rc6 Re7 98. Rc5 Rd7 99. Rc6 Rb7 100.
Rc5 Rg7 101. Rc6 Rh7 102. Rc5 Rf7 103. Rc6 Rf5 104. Rc4 Rh5 105. Rc7 Rg5 106. Rc8 Ra5 107. Rc7 Ra8 108. Rc6 Ra7 109. Rc5 Ra6 110. Rc4 Ra8 111. Rc7 Re8 112. Rc5 Rf8 1/2-1/2

[Event "*** Titled Tuesday Blitz"]
[Site "Chess.com"]
[Date "2020.05.05"]
[Round "9"]
[White "Parhamov"]
[Black "lachesisQ"]
[Result "1-0"]
[WhiteElo "3035"]
[BlackElo "3089"]
[TimeControl "180+1"]
[EndTime "11:51:39 PDT"]
[Termination "Parhamov won on time"]

1. e4 c5 2. Nf3 d6 3. d4 cxd4 4. Nxd4 Nf6 5. Nc3 a6 6. f3 e5 7. Nb3 Be6 8. Be3 Nc6 9. Qd2 d5 10. exd5 Nxd5 11. Nxd5 Qxd5 12. Qxd5 Bxd5 13. O-O-O O-O-O 14. a3 Be7 15. Bd3 g6 16. h4 h5 17. Bb6 Rd7 18.
Nc5 Bxc5 19. Bxc5 Kc7 20. Bf2 Be6 21. Rhe1 Bf5 22. Bc4 Rhd8 23. b4 f6 24. Rxd7+ Rxd7 25. Rd1 Rxd1+ 26. Kxd1 Nd4 27. Bxd4 exd4 28. Kd2 Kd6 29.
f4 Be6 30. Kd3 Bf5+ 31. Kxd4 Bxc2 32. Bd5 b6 33. Be4 Bxe4 34. Kxe4 f5+ 35. Kd4 Ke6 36. a4 Kd6 37. Kc4 Ke6 38. a5 bxa5 39. bxa5 Kd6 40. Kd4 Kc6 41. Kc4 Kd6 42. Kd4 Kc6 43. Ke5 Kb5 44. Kf6 Kxa5 45. Kxg6 Kb6 46. Kxf5 a5 47.
Kg6 a4 48. f5 a3 49. f6 a2 50.
f7 a1=Q 51. f8=Q Qd1 52. Qf5 Qe2 53. Qf3 Qb5 54. Qf6+ Ka7 55. Qf7+ Kb8 56. Qf5 Qe2 57.
g3 Qd1 58. Kg5 Ka8 59. Qf8+ Ka7 60. Qf7+ Ka8 61. Qf4 Qd5+ 62. Kh6 Qd1 63. Qg5 Qf3 64.
Qg8+ Ka7 65. Qg7+ Ka8 66. Qg6 Ka7 67. Qg5 Ka8 68. Qf4 Qd1 69. Qf8+ Ka7 70. Qf7+ Ka8 71. Qxh5 Qd6+ 72. Qg6 Qf8+ 73. Kh7 Qe7+ 74. Kh6 Qe3+ 75.
Kh5 Qe2+ 76. g4 Qe5+ 77. Kh6 Qh8+ 78. Kg5 Qe5+ 79. Qf5 Qg7+ 80. Kh5 Qh8+ 81. Kg6 Qxh4 82.
Qd5+ Ka7 83. g5 Qh2 84. Qf7+ Ka6 85. Kg7 Ka5 86. g6 Ka4 87. Qd7+ Ka3 88. Qe7+ Ka2 89. Qe6+ Ka1 90. Kf7 Qc7+ 91. Qe7 Qc4+ 92. Kg7 Qd5 93. Qf6+ Kb1 94. Kh8 Qh5+ 95. Kg8 Qd5+ 96. Qf7 Qd8+ 97. Kh7 Qh4+ 98. Kg7 Qd4+ 99. Qf6 Qd7+ 100. Kf8 Qc8+ 101. Kf7 Qd7+ 102. Qe7 Qf5+ 103. Kg7 Qd5 104. Qe1+ Kb2 105. Qf2+ Kb1 106. Kh6 Qh1+ 107. Kg5 Qh8 108. Qf5+ Kc1 109. Qf6 Qh2 110. g7 Qg3+ 111. Kh6 Qh3+ 112. Kg6 Qg4+ 113. Qg5+ 1-0

[Event "*** Titled Tuesday Blitz"]
[Site "Chess.com"]
[Date "2020.05.05"]
[Round "10"]
[White "gmelviro"]
[Black "cukin84"]
[Result "0-1"]
[WhiteElo "2252"]
[BlackElo "2093"]
[TimeControl "180+1"]
[EndTime "11:53:32 PDT"]
[Termination "cukin84 won by resignation"]

1. c4 f5 2. g3 Nf6 3. Bg2 g6 4. Nc3 Bg7 5. d3 O-O 6. e3 e5 7.
Nge2 d6 8. O-O c6 9. b3 Nh5 10. Ba3 f4 11. exf4 exf4 12. f3 fxg3 13. hxg3 Nxg3 14.
Nxg3 Bxc3 15. Ne4 Bd4+ 0-1

[Event "*** Titled Tuesday Blitz"]
[Site "Chess.com"]
[Date "2020.05.05"]
[Round "10"]
[White "CrushingKings"]
[Black "pandamaster3000"]
[Result "1-0"]
[WhiteElo "2464"]
[BlackElo "2313"]
[TimeControl "180+1"]
[EndTime "11:53:36 PDT"]
[Termination "CrushingKings won by resignation"]

1. e4 c5 2. d4 cxd4 3. c3 d3 4. Bxd3 Nc6 5. c4 g6 6. Nf3 Bg7 7. h3 d6 8. O-O Nf6 9. Nc3 O-O 10. Be3 b6 11. Rc1 Bb7 12. b3 Nd7 13. Qe2 Nc5 14. Bb1 Rc8 15. Rfd1 Qc7 16. Nd5 Qb8 17. b4 Ne6 18. b5 1-0

[Event "*** Titled Tuesday Blitz"]
[Site "Chess.com"]
[Date "2020.05.05"]
[Round "10"]
[White "Diego_FloresQ"]
[Black "artooon"]
[Result "1-0"]
[WhiteElo "2455"]
[BlackElo "2638"]
[TimeControl "180+1"]
[EndTime "11:53:44 PDT"]
[Termination "Diego_FloresQ won by resignation"]

1. e4 e5 2. Nf3 Nc6 3. c3 Nf6 4. d4 Nxe4 5. d5 Ne7 6. Nxe5 d6 7. Bb5+ c6 8. dxc6 Qb6 9. cxb7+ Kd8 10. Nxf7+ Kc7 11.
bxa8=N+ Kb8 12. Nxb6 1-0

[Event "*** Titled Tuesday Blitz"]
[Site "Chess.com"]
[Date "2020.05.05"]
[Round "10"]
[White "Safar_From_Afar"]
[Black "Kensei26"]
[Result "0-1"]
[WhiteElo "2258"]
[BlackElo "2159"]
[TimeControl "180+1"]
[EndTime "11:54:08 PDT"]
[Termination "Kensei26 won by resignation"]

1. e4 d6 2. d4 Nf6 3. Nc3 g6 4. Bc4 Bg7 5. Bb3 O-O 6. Nf3 Bg4 7. h3 Bxf3 8. Qxf3 Nc6 9. Be3 e5 10. dxe5 dxe5 11. Rd1 Nd4 12. Qg3 Qe7 13. O-O Nh5 14. Qh2 c6 15. g4 Nf3+ 0-1

[Event "*** Titled Tuesday Blitz"]
[Site "Chess.com"]
[Date "2020.05.05"]
[Round "10"]
[White "TreinadorBR"]
[Black "Belka1989"]
[Result "1-0"]
[WhiteElo "2327"]
[BlackElo "2083"]
[TimeControl "180+1"]
[EndTime "11:54:20 PDT"]
[Termination "TreinadorBR won by checkmate"]

1. e4 c6 2. d4 d5 3. e5 Bf5 4. h4 h6 5. g4 Bh7 6. e6 fxe6 7.
Bd3 Bxd3 8. Qxd3 Nf6 9. f4 Ne4 10. Nd2 Nxd2 11. Bxd2 Kf7 12. Nf3 Nd7 13. h5 Kg8 14.
O-O-O Qa5 15. Bxa5 b6 16. Bd2 c5 17. Qg6 Nb8 18.
Qxe6+ Kh7 19. Ng5+ hxg5 20. fxg5 g6 21. hxg6+ Kg7 22.
Qf7# 1-0

[Event "*** Titled Tuesday Blitz"]
[Site "Chess.com"]
[Date "2020.05.05"]
[Round "10"]
[White "neurisdr"]
[Black "Arek_pacitan"]
[Result "1-0"]
[WhiteElo "2775"]
[BlackElo "2565"]
[TimeControl "180+1"]
[EndTime "11:54:25 PDT"]
[Termination "neurisdr won by resignation"]

1. e4 e6 2. d4 d5 3. Nd2 dxe4 4. Nxe4 Nf6 5. Nxf6+ gxf6 6. Nf3 b6 7. Bb5+ c6 8. Be2 Bb7 9. Be3 Nd7 10. Qd2 c5 11. O-O-O Qc7 12. dxc5 Bxc5 13. Bf4 e5 14. Be3 O-O-O 15.
Kb1 Kb8 16. Rhf1 f5 17. g3 e4 18. Bf4 exf3 19. Bxc7+ Kxc7 20. Qf4+ 1-0

[Event "*** Titled Tuesday Blitz"]
[Site "Chess.com"]
[Date "2020.05.05"]
[Round "10"]
[White "tamarozi99"]
[Black "FMalexhdez"]
[Result "1-0"]
[WhiteElo "1992"]
[BlackElo "2098"]
[TimeControl "180+1"]
[EndTime "11:54:26 PDT"]
[Termination "tamarozi99 won by resignation"]

1. e4 c5 2. Nf3 d6 3. Bb5+ Bd7 4. Bxd7+ Qxd7 5. O-O Nf6 6. Re1 Nc6 7. c3 g6 8. d4 Bg7 9. e5 cxd4 10. exf6 Bxf6 11. cxd4 O-O 12. Nc3 a6 13. Nd5 Bg7 14. Nb6 1-0

[Event "*** Titled Tuesday Blitz"]
[Site "Chess.com"]
[Date "2020.05.05"]
[Round "10"]
[White "Leo_C"]
[Black "FMOlexandrProhorov"]
[Result "1-0"]
[WhiteElo "2265"]
[BlackElo "2069"]
[TimeControl "180+1"]
[EndTime "11:54:46 PDT"]
[Termination "Leo_C won by resignation"]

1. d4 g6 2. c4 Bg7 3. Nc3 c5 4. d5 Bxc3+ 5. bxc3 f5 6. e4 Qa5 7. Qc2 fxe4 8. f3 e3 9. Bxe3 Nf6 10. Bd3 d6 11. Ne2 Nbd7 12. Ng3 Nb6 13. h4 Bd7 14. h5 Rg8 15. hxg6 hxg6 16. Kf2 O-O-O 17. Rab1 Qa4 18. Qe2 e6 19. Bg5 Rdf8 20. dxe6 Bc6 21. e7 Rf7 22. Qe6+ 1-0